[Event "Titled Tuesday Blitz February 22 Early 2022"]
[White "Zhu, Jiner"]
[Black "Chigaev, Maksim"]
[WhiteFideId "8608059"]
[BlackFideId "4108116"]
[WhiteElo "2281"]
[BlackElo "2502"]
[Result "1-0"]
[Round "09"]
[TimeControl "180+1"]
[Date "2022.02.22"]
[WhiteClock "0:00:06"]
[BlackClock "0:00:05"]

1. e4 e5 2. Nf3 Nc6 3. Bb5 a6 4. Ba4 Nf6 5. O-O Be7 6. Re1 b5 7. Bb3 d6 8. c3 O-O 9. h3 Na5 10. Bc2 c5 11. d4 Nd7 12. Nbd2 Bb7 13. Nf1 Re8 14. d5 Bf8 15. g4 c4 16. Ng3 Bc8 17. Be3 Nb7 18. b4 Nb6 19. Kg2 Bd7 20. g5 a5 21. a3 Ra6 22. Nh2 axb4 23. axb4 Rxa1 24. Qxa1 Na4 25. Bd2 Be7 26. h4 f6 27. Qc1 fxg5 28. hxg5 g6 29. Rh1 Rf8 30. Nhf1 Qe8 31. Qe1 Qf7 32. Nh2 Nb2 33. Qe2 Nd3 34. Bxd3 cxd3 35. Qe1 h5 36. gxh6 Kh7 37. Rf1 g5 38. Qe3 Qg6 39. Qxd3 Nd8 40. Qe2 Rf4 41. Ra1 Rf7 42. Ng4 Bf8 43. Rh1 Rf4 44. Ne3 Nf7 45. Nef5 Nxh6 46. Nxh6 Bxh6 47. Qh5 Qxh5 48. Rxh5 Kg6 49. Rh1 Rf8 50. Ra1 Bg4 51. Be3 Bf3+ 52. Kf1 Rh8 53. Ra6 Bf8 54. Ke1 Rh4 55. Nf5 Rh1+ 56. Kd2 Bxe4 57. Nxd6 Bxd6 58. Rxd6+ Kf5 59. Rd8 Kg4 60. d6 Bf3 61. Bc5 Rd1+ 62. Kc2 Rd5 63. Rf8 e4 64. Kb3 Kh3 65. Rf7 Kg2 66. c4 Rd3+ 67. Kc2 bxc4 68. b5 Bd1+ 69. Kc1 c3 70. d7 Bg4 71. b6 Bxd7 72. b7 Ba4 73. Kb1 Bb3 74. Be3 Rd1+ 75. Bc1 Bxf7 76. b8=Q Kf1 77. Qg3 Bc4 78. Qxc3 Bd3+ 79. Kb2 Kxf2 80. Qf6+ Ke1 81. Qxg5 Kf1 82. Qf4+ Kg1 83. Kc3 Rf1 84. Qg3+ Kh1 85. Bf4 1-0


[Site "https://www.chess.com"]

[Event "Titled Tuesday Blitz February 22 Early 2022"]
[White "Zlatin, Alexander"]
[Black "Borisova, Ekaterina"]
[WhiteFideId "2810549"]
[BlackFideId "34124184"]
[WhiteElo "2228"]
[BlackElo "2034"]
[Result "0-1"]
[Round "09"]
[TimeControl "180+1"]
[Date "2022.02.22"]
[WhiteClock "0:00:15"]
[BlackClock "0:00:45"]

1. e4 c6 2. d4 d5 3. exd5 cxd5 4. Bd3 Nc6 5. c3 Nf6 6. Nf3 Bg4 7. Bf4 e6 8. Nbd2 Bd6 9. Bg3 O-O 10. O-O Rc8 11. Qe2 a6 12. a4 Na5 13. Qe3 Bh5 14. Ne5 Bxe5 15. Bxe5 Bg6 16. Bxg6 hxg6 17. h3 Nc4 18. Nxc4 Rxc4 19. Qg3 Qd7 20. a5 Qb5 21. Rfb1 Rfc8 22. f3 Ra4 23. Rxa4 Qxa4 24. b4 Rxc3 25. Bxf6 gxf6 26. Qb8+ Kg7 27. Qxb7 Qc2 28. Rf1 Qd2 29. Rf2 Qxd4 30. Qb6 Rc1+ 31. Kh2 Qe5+ 32. f4 Qe1 33. Rf3 Rb1 34. Qxa6 Qxb4 35. Qa8 Ra1 36. a6 Qb6 37. f5 Rxa6 38. Qc8 Qd6+ 39. Rg3 exf5 40. h4 Ra3 41. Kg1 Qxg3 42. Qc1 Qe3+ 43. Kh1 Qxc1+ 44. Kh2 Qf4+ 0-1


[Site "https://www.chess.com"]

[Event "Titled Tuesday Blitz February 22 Early 2022"]
[White "volunteers1998"]
[Black "Kaplan, Ebru"]
[BlackFideId "6315194"]
[WhiteElo "2257"]
[BlackElo "1941"]
[Result "1-0"]
[Round "09"]
[TimeControl "180+1"]
[Date "2022.02.22"]
[WhiteClock "0:00:57"]
[BlackClock "0:00:11"]

1. e4 c5 2. Nf3 d6 3. d4 cxd4 4. Nxd4 Nf6 5. Nc3 a6 6. h3 e6 7. g4 Nc6 8. g5 Nd7 9. Be3 Be7 10. h4 Qc7 11. f4 b5 12. Qd2 Bb7 13. a3 Na5 14. h5 Nc4 15. Bxc4 Qxc4 16. O-O-O Rc8 17. g6 fxg6 18. hxg6 h6 19. Rhf1 Nc5 20. b3 Nxb3+ 21. cxb3 Qxc3+ 22. Qxc3 Rxc3+ 23. Kd2 Rc8 24. Nxe6 Bxe4 25. Nxg7+ Kd7 26. Bd4 Rhf8 27. f5 Rc2+ 28. Ke3 Bg5+ 29. Kxe4 Re8+ 30. Nxe8 1-0


[Site "https://www.chess.com"]

[Event "Titled Tuesday Blitz February 22 Early 2022"]
[White "wisdomboy"]
[Black "De Verdier, Michael"]
[BlackFideId "1710516"]
[WhiteElo "2445"]
[BlackElo "2301"]
[Result "0-1"]
[Round "09"]
[TimeControl "180+1"]
[Date "2022.02.22"]
[WhiteClock "0:00:19"]
[BlackClock "0:00:16"]

1. d4 Nf6 2. c4 d6 3. Nc3 e5 4. e3 Nc6 5. Nf3 Bg4 6. Be2 g6 7. O-O Bg7 8. h3 Bd7 9. Nd5 O-O 10. Nxf6+ Bxf6 11. Bd2 exd4 12. exd4 Nxd4 13. Bh6 Nxe2+ 14. Qxe2 Re8 15. Qc2 Bc6 16. Qb3 Qd7 17. Rfe1 Rxe1+ 18. Rxe1 Re8 19. Rd1 Qe6 20. Qd3 Qe4 21. b4 Qxd3 22. Rxd3 Re2 23. Nd4 Re1+ 24. Kh2 Be5+ 25. f4 Bxd4 26. Rxd4 Re2 27. Kg3 Rxg2+ 28. Kh4 Rxa2 29. b5 Bd7 30. Re4 Be6 31. f5 gxf5 32. Re1 Rg2 33. Ra1 Rg6 34. Kh5 Bxc4 35. Re1 Be6 36. Rc1 Bd5 37. Rc3 f6 38. Be3 c6 39. bxc6 Bxc6 40. Bxa7 Kf7 41. Bd4 Ke6 42. Re3+ Kd5 43. Bb2 Kc4 44. Rc3+ Kb4 45. Re3 f4 46. Rd3 f3 47. Bd4 Kc4 48. Rd2 Rg2 49. Rd1 b5 50. Bxf6 f2 51. Rc1+ Kd3 52. Bh4 Ke2 53. Bxf2 Be8+ 54. Kh6 Rxf2 55. Kxh7 Rh2 56. Kg7 Rxh3 57. Kf8 Bh5 58. Ke7 d5 59. Rc5 d4 60. Rxb5 d3 61. Re5+ Kd2 62. Kd6 Be2 63. Kd5 Rh5 64. Rxh5 Bxh5 65. Kd4 Ke2 66. Ke4 d2 67. Kf4 d1=Q 0-1


[Site "https://www.chess.com"]

[Event "Titled Tuesday Blitz February 22 Early 2022"]
[White "Abdisalimov, Abdimalik"]
[Black "Svane, Rasmus"]
[WhiteFideId "14206323"]
[BlackFideId "4657101"]
[WhiteElo "2401"]
[BlackElo "2645"]
[Result "1-0"]
[Round "10"]
[TimeControl "180+1"]
[Date "2022.02.22"]
[WhiteClock "0:01:54"]
[BlackClock "0:00:26"]

1. d4 d5 2. c4 e6 3. Nc3 a6 4. cxd5 exd5 5. Nf3 Nf6 6. Qb3 c6 7. e4 Be7 8. e5 Nfd7 9. Bd3 Nf8 10. O-O Ne6 11. Be3 O-O 12. Qc2 h6 13. Rad1 b6 14. Nd2 c5 15. Nf3 Bb7 16. dxc5 bxc5 17. Be4 dxe4 18. Rxd8 Rxd8 19. Nxe4 Nd7 20. Rd1 Rac8 21. h3 Ba8 22. Qa4 Nb6 23. Rxd8+ Bxd8 24. Qe8+ Nf8 25. Nd6 1-0


[Site "https://www.chess.com"]

[Event "Titled Tuesday Blitz February 22 Early 2022"]
[White "Ambartsumova, Karina"]
[Black "Shtyka, Sergey"]
[WhiteFideId "4166299"]
[BlackFideId "4138465"]
[WhiteElo "2262"]
[BlackElo "2014"]
[Result "1-0"]
[Round "10"]
[TimeControl "180+1"]
[Date "2022.02.22"]
[WhiteClock "0:01:20"]
[BlackClock "0:00:52"]

1. c4 c5 2. Nf3 Nc6 3. d4 cxd4 4. Nxd4 g6 5. Nc2 Bg7 6. e4 Nf6 7. Nc3 d6 8. Be2 O-O 9. O-O Be6 10. Be3 Rc8 11. b3 a6 12. f3 Ng4 13. Qd2 Nxe3 14. Nxe3 Qa5 15. Rac1 b5 16. Rfd1 bxc4 17. Bxc4 Bxc4 18. Nxc4 Qc5+ 19. Kh1 Qh5 20. Nd5 Bh6 21. f4 Rce8 22. Nxd6 exd6 23. Nf6+ 1-0


[Site "https://www.chess.com"]

[Event "Titled Tuesday Blitz February 22 Early 2022"]
[White "Andreikin, Dmitry"]
[Black "Murzin, Volodar"]
[WhiteFideId "4158814"]
[BlackFideId "44155573"]
[WhiteElo "2736"]
[BlackElo "2585"]
[Result "1-0"]
[Round "10"]
[TimeControl "180+1"]
[Date "2022.02.22"]
[WhiteClock "0:01:15"]
[BlackClock "0:00:02"]

1. d4 d5 2. c4 e6 3. Nc3 c6 4. Qb3 Nf6 5. Bg5 Be7 6. e3 Nbd7 7. Nf3 O-O 8. Bd3 Nb6 9. O-O dxc4 10. Bxc4 Nxc4 11. Qxc4 Nd7 12. Bxe7 Qxe7 13. Rfd1 Rd8 14. Ne4 Nb6 15. Qc5 Kf8 16. a4 Nd5 17. a5 Bd7 18. Ne5 Be8 19. Nc4 f6 20. Ra3 Bg6 21. Qxe7+ Kxe7 22. Nc3 Nc7 23. Rb3 Rab8 24. Rc1 Nd5 25. Na4 Be8 26. f3 f5 27. Kf2 b6 28. axb6 axb6 29. Nc3 b5 30. Ne5 1-0


[Site "https://www.chess.com"]

[Event "Titled Tuesday Blitz February 22 Early 2022"]
[White "Aradhya, Garg"]
[Black "Lodici, Lorenzo"]
[WhiteFideId "25006746"]
[BlackFideId "884189"]
[WhiteElo "2169"]
[BlackElo "2265"]
[Result "1-0"]
[Round "10"]
[TimeControl "180+1"]
[Date "2022.02.22"]
[WhiteClock "0:01:57"]
[BlackClock "0:01:01"]

1. d4 Nf6 2. c4 d6 3. Nf3 g6 4. g3 Bg7 5. Nc3 Bf5 6. Qb3 Qc8 7. Bg2 Nc6 8. O-O Ne4 9. Rd1 Nxc3 10. Qxc3 O-O 11. b3 e5 12. Bb2 Nxd4 13. Nxd4 exd4 14. Qc1 c5 15. e3 Bg4 16. Re1 Rb8 17. exd4 cxd4 18. Qd2 Qc5 19. Re4 Bf5 20. Rxd4 Bxd4 21. Bxd4 Qc7 22. Bf6 1-0


[Site "https://www.chess.com"]

[Event "Titled Tuesday Blitz February 22 Early 2022"]
[White "Ashiev, Eduard"]
[Black "Martinez, Shawn"]
[WhiteFideId "4130090"]
[BlackFideId "2039770"]
[WhiteElo "2004"]
[BlackElo "2174"]
[Result "1-0"]
[Round "10"]
[TimeControl "180+1"]
[Date "2022.02.22"]
[WhiteClock "0:00:20"]
[BlackClock "0:00:05"]

1. d4 Nf6 2. Nf3 g6 3. c4 Bg7 4. Nc3 d6 5. e4 O-O 6. h3 Nc6 7. d5 Ne5 8. Nxe5 dxe5 9. Be2 e6 10. Be3 exd5 11. cxd5 c6 12. dxc6 bxc6 13. Qxd8 Rxd8 14. O-O Be6 15. Rfd1 Nd7 16. Na4 f5 17. f3 Nf6 18. Nc5 Bf7 19. b3 Bf8 20. Bd3 f4 21. Bf2 g5 22. Be2 h5 23. Kf1 Be7 24. Rac1 Rxd1+ 25. Rxd1 Rd8 26. Rxd8+ Bxd8 27. Nd3 Bc7 28. Bxa7 Kf8 29. Bc5+ Ke8 30. Nb4 Kd7 31. Bc4 Bxc4+ 32. bxc4 g4 33. hxg4 hxg4 34. Ke2 gxf3+ 35. gxf3 Nh5 36. a4 Ng3+ 37. Kd3 Nf1 38. Bf2 Ba5 39. Na2 Kc7 40. Nc1 Kb7 41. Nb3 Bb4 42. Nc5+ Bxc5 43. Bxc5 Ka6 44. Bd6 1-0


[Site "https://www.chess.com"]

[Event "Titled Tuesday Blitz February 22 Early 2022"]
[White "Assaubayeva, Bibisara"]
[Black "Janaszak, Dawid"]
[WhiteFideId "13708694"]
[BlackFideId "1119206"]
[WhiteElo "2404"]
[BlackElo "2199"]
[Result "1-0"]
[Round "10"]
[TimeControl "180+1"]
[Date "2022.02.22"]
[WhiteClock "0:00:08"]
[BlackClock "0:00:14"]

1. d4 Nf6 2. c4 g6 3. Nc3 Bg7 4. e4 d6 5. Be2 O-O 6. Be3 Nbd7 7. Nf3 e5 8. d5 Ng4 9. Bg5 f6 10. Bh4 h5 11. Bg3 Nh6 12. Nd2 f5 13. f3 Bf6 14. h4 a5 15. Qc2 Nc5 16. O-O-O a4 17. Bf2 b6 18. Be3 f4 19. Bf2 Bd7 20. Kb1 Nf7 21. g3 Kh7 22. Bf1 Nh6 23. Bh3 Qc8 24. Bxd7 Qxd7 25. gxf4 exf4 26. Ne2 Be5 27. Bd4 Nf7 28. Rdg1 Rg8 29. Bxe5 dxe5 30. Nc3 Nd6 31. Rg2 b5 32. cxb5 Nxb5 33. Nxb5 Qxb5 34. Nc4 Rae8 35. Rc1 Na6 36. Na3 Qb8 37. Qxa4 Qb7 38. Qc6 Rb8 39. Qxb7 Rxb7 40. Nc4 Rd8 41. Nxe5 Rd6 42. Rc6 Nb4 43. Rxd6 cxd6 44. Nxg6 Rc7 45. Nxf4 Rf7 46. Nxh5 Rxf3 47. Rg1 Kh6 48. a3 Nd3 49. Ng3 Rf2 50. Nf5+ Kh7 51. Rg7+ Kh8 52. Rb7 Rf1+ 53. Kc2 Nc5 54. Rb8+ Kh7 55. Nxd6 Rf2+ 56. Kc3 Rf3+ 57. Kd4 Na4 58. e5 Rf4+ 59. Ke3 Rxh4 60. e6 Rh1 61. Kf2 Rd1 62. e7 1-0


[Site "https://www.chess.com"]

[Event "Titled Tuesday Blitz February 22 Early 2022"]
[White "Baker, Chris W"]
[Black "Thomas, Anysia"]
[WhiteFideId "401676"]
[BlackFideId "670472"]
[WhiteElo "2221"]
[BlackElo "2002"]
[Result "1-0"]
[Round "10"]
[TimeControl "180+1"]
[Date "2022.02.22"]
[WhiteClock "0:00:22"]
[BlackClock "0:00:06"]

1. c4 g6 2. Nf3 Bg7 3. g3 c5 4. Bg2 Nc6 5. O-O e6 6. Nc3 Nge7 7. d4 cxd4 8. Nb5 d5 9. Bf4 e5 10. Bg5 dxc4 11. Qd2 O-O 12. Bh6 a6 13. Bxg7 Kxg7 14. Na3 Be6 15. Ng5 Qd7 16. e3 Rad8 17. exd4 exd4 18. Nxe6+ Qxe6 19. Rfe1 c3 20. bxc3 dxc3 21. Qxc3+ Qf6 22. Qc5 Nf5 23. Rab1 Rfe8 24. Rxe8 Rxe8 25. Rxb7 Re1+ 26. Bf1 Nfd4 27. Qd5 Rd1 28. Kg2 Ne7 29. Qe4 Nef5 30. Nc4 Nd6 31. Nxd6 Qxd6 32. Bc4 Kh6 33. Qh4+ Kg7 34. Rxf7+ Kg8 35. Qxh7# 1-0


[Site "https://www.chess.com"]

[Event "Titled Tuesday Blitz February 22 Early 2022"]
[White "Barp, Alberto"]
[Black "Faizrakhmanov, Ramil"]
[WhiteFideId "872555"]
[BlackFideId "24103209"]
[WhiteElo "2229"]
[BlackElo "2502"]
[Result "1-0"]
[Round "10"]
[TimeControl "180+1"]
[Date "2022.02.22"]
[WhiteClock "0:00:12"]
[BlackClock "0:00:10"]

1. d4 Nf6 2. c4 g6 3. Bg5 Bg7 4. Nc3 O-O 5. Nf3 d6 6. e3 Nbd7 7. Be2 e5 8. O-O c6 9. Qc2 Re8 10. Rfd1 Qe7 11. b4 h6 12. Bh4 g5 13. Bg3 e4 14. Nd2 Nf8 15. b5 Ng6 16. bxc6 bxc6 17. Qa4 Bd7 18. Qa3 Bf8 19. Rab1 h5 20. h3 h4 21. Bh2 Qe6 22. d5 cxd5 23. cxd5 Qf5 24. Bxd6 g4 25. hxg4 Nxg4 26. Bxg4 Qxg4 27. Bxf8 h3 28. g3 Rxf8 29. Qd6 Rae8 30. Qf6 Re5 31. Kh1 Rf5 32. Ncxe4 Qe2 33. Qb2 Ne5 34. Re1 Qd3 35. Qb3 Qa6 36. g4 Nxg4 37. Rg1 Qe2 38. Rbe1 Rxf2 39. Rxe2 Rxe2 40. Nf6+ Kh8 41. Nxg4 Rg8 42. Qc3+ Kh7 43. Nf6+ Kh6 44. Nxg8+ 1-0


[Site "https://www.chess.com"]

[Event "Titled Tuesday Blitz February 22 Early 2022"]
[White "Batsiashvili, Nino"]
[Black "Leiva, Gianmarco"]
[WhiteFideId "13602993"]
[BlackFideId "3804399"]
[WhiteElo "2230"]
[BlackElo "2328"]
[Result "1/2-1/2"]
[Round "10"]
[TimeControl "180+1"]
[Date "2022.02.22"]
[WhiteClock "0:00:12"]
[BlackClock "0:00:04"]

1. d4 Nf6 2. c4 e6 3. Nc3 d5 4. Nf3 c6 5. g3 dxc4 6. a4 Bb4 7. Bg2 c5 8. O-O Nc6 9. dxc5 Bxc3 10. Qxd8+ Nxd8 11. bxc3 Ne4 12. Ne5 Nxc3 13. Re1 f6 14. Nxc4 Bd7 15. Nd6+ Ke7 16. Nxb7 Rc8 17. Ba3 Bc6 18. Nd6 Rb8 19. e4 e5 20. Re3 Nxa4 21. Bf1 Ne6 22. Bc4 Nd4 23. Nf5+ Nxf5 24. exf5 Rhd8 25. Bb3 Kd7 26. Rd1+ Kc7 27. Rd6 Rxd6 28. cxd6+ Kd8 29. f3 h5 30. Kf2 Bd7 31. Rd3 Bxf5 32. Re3 Bd7 33. h4 Rb7 34. f4 exf4 35. gxf4 Rb6 36. Bd1 Ra6 37. Bxh5 Nb6 38. Bc5 Ra2+ 39. Kg3 Nd5 40. Re7 Rc2 41. Bxa7 Rc3+ 42. Kf2 Nxe7 43. dxe7+ Kxe7 44. Bd4 Rc2+ 45. Kg3 Be8 46. Bxe8 Kxe8 47. Kg4 Kf7 48. h5 Rc4 49. Bf2 Ra4 50. Bg3 Ra2 51. Be1 Ra1 52. Bc3 Rg1+ 53. Kf5 Rg3 54. Bd4 Rd3 55. Bf2 Rf3 56. Bd4 Rb3 57. Bf2 Rb5+ 58. Kg4 Ke6 59. Bd4 Kd5 60. h6 Kxd4 61. hxg7 Rb8 62. Kf5 Ke3 63. Kxf6 Kxf4 64. Kf7 Rb7+ 65. Kf6 Rb8 66. Kf7 Kf5 67. g8=Q Rb7+ 68. Kf8 Rb8+ 69. Kf7 Rb7+ 70. Kf8 Rb8+ 71. Kf7 1/2-1/2


[Site "https://www.chess.com"]

[Event "Titled Tuesday Blitz February 22 Early 2022"]
[White "Berdychevskaya, Natasha"]
[Black "Matveeva, Olga"]
[WhiteFideId "4159322"]
[BlackFideId "24107018"]
[WhiteElo "1780"]
[BlackElo "2083"]
[Result "1-0"]
[Round "10"]
[TimeControl "180+1"]
[Date "2022.02.22"]
[WhiteClock "0:00:09"]
[BlackClock "0:00:01"]

1. d4 Nf6 2. Bf4 d5 3. e3 c5 4. c3 Nc6 5. Nd2 e6 6. Ngf3 Bd6 7. Bg3 O-O 8. Bd3 b6 9. O-O Bb7 10. Ne5 Qc7 11. f4 Nd7 12. Bh4 f6 13. Qh5 f5 14. g4 cxd4 15. exd4 Ndxe5 16. fxe5 Be7 17. gxf5 Bxh4 18. Qxh4 exf5 19. Bxf5 g6 20. Be6+ Kg7 21. Rf6 Nxe5 22. dxe5 Qxe5 23. Rxf8 Rxf8 24. Re1 Qd6 25. Qd4+ Kh6 26. Bh3 Rf4 27. Qe3 d4 28. cxd4 g5 29. Qe6+ Qxe6 30. Rxe6+ Kh5 31. Bg2 Bxg2 32. Kxg2 Rxd4 33. Nf3 Rc4 34. Re2 g4 35. Ne5 Rc5 36. Nd3 Rc4 37. Kg3 Kg5 38. Re5+ Kf6 39. Re3 h5 40. Re2 Kg5 41. a3 h4+ 42. Kg2 Rd4 43. Nf2 Kf4 44. Rc2 h3+ 45. Kf1 Kf3 46. Rc3+ Kf4 47. Rg3 Kf5 48. Nxg4 Rxg4 49. Rxh3 Rf4+ 50. Ke2 Rg4 51. Rh7 Rg2+ 52. Kd3 Rxb2 53. Rxa7 Rxh2 54. Kc4 Rb2 55. Kd5 Kf6 56. Kc6 Ke6 57. Rb7 Ra2 58. Rxb6 Rxa3 59. Kc5+ Ke5 60. Kb4 Ra1 61. Rb5+ Kd4 62. Ra5 Rb1+ 63. Ka3 Kc4 64. Rh5 Rb3+ 65. Ka2 Rc3 66. Rh4+ Kc5 67. Rh8 Rc4 68. Kb3 Rd4 69. Ka3 Rd3+ 70. Ka4 Rd4+ 71. Ka5 Rd3 72. Rc8+ Kd4 73. Rc1 Ke3 74. Kb4 Ke2 75. Rc2+ Rd2 76. Rc8 Rd4+ 77. Kc3 Rd3+ 78. Kc4 Rd2 79. Re8+ Kd1 80. Kc3 Rc2+ 81. Kb3 Rd2 82. Rf8 Re2 83. Kc4 Rd2 84. Rf1+ Ke2 85. Rh1 Rd6 86. Rh2+ Kf3 87. Rh3+ 1-0


[Site "https://www.chess.com"]

[Event "Titled Tuesday Blitz February 22 Early 2022"]
[White "Bodnar, Nikolay"]
[Black "Jiang, Brian"]
[WhiteFideId "14106469"]
[BlackFideId "2627922"]
[WhiteElo "2296"]
[BlackElo "2393"]
[Result "1-0"]
[Round "10"]
[TimeControl "180+1"]
[Date "2022.02.22"]
[WhiteClock "0:00:28"]
[BlackClock "0:00:16"]

1. e4 c5 2. Nf3 Nc6 3. Bb5 e6 4. O-O Nge7 5. Re1 Nd4 6. Nxd4 cxd4 7. c3 a6 8. Bd3 Nc6 9. b4 Be7 10. Bb2 dxc3 11. dxc3 Bf6 12. Qe2 O-O 13. a3 b5 14. c4 Nd4 15. Qd2 Nb3 16. Qe2 Nxa1 17. e5 Bg5 18. Qe4 g6 19. Qxa8 Nb3 20. cxb5 axb5 21. Nc3 Nd4 22. Ne4 Nf5 23. Nxg5 Qxg5 24. Qf3 Qd2 25. Qe2 Qg5 26. Bc1 Qh4 27. g3 Qd4 28. Bb2 Qd5 29. Be4 Qb3 30. Kg2 d5 31. exd6 Nxd6 32. Bf3 Qc4 33. Qe5 f6 34. Qxd6 Rf7 35. Rc1 Bd7 36. Rxc4 1-0


[Site "https://www.chess.com"]

[Event "Titled Tuesday Blitz February 22 Early 2022"]
[White "Brunner, Nicolas"]
[Black "Maze, Sebastien"]
[WhiteFideId "620246"]
[BlackFideId "613762"]
[WhiteElo "2372"]
[BlackElo "2462"]
[Result "0-1"]
[Round "10"]
[TimeControl "180+1"]
[Date "2022.02.22"]
[WhiteClock "0:00:14"]
[BlackClock "0:00:43"]

1. d4 Nf6 2. c4 e6 3. g3 c5 4. d5 exd5 5. cxd5 d6 6. Nc3 g6 7. Nf3 Bg7 8. Bg2 O-O 9. O-O a6 10. a4 Re8 11. Nd2 Nbd7 12. Nc4 Ne5 13. Na3 Rb8 14. h3 h5 15. f4 Ned7 16. e4 Nh7 17. e5 dxe5 18. f5 Ndf6 19. fxg6 fxg6 20. Be3 Bf5 21. Bxc5 Qd7 22. Kh2 Ng5 23. h4 Ng4+ 24. Kg1 Rbc8 25. Bb6 Qd6 26. a5 e4 27. Rf4 Nf3+ 28. Bxf3 Bxc3 29. bxc3 Rxc3 30. Qa4 Bd7 31. Qd4 Rxf3 32. Rxf3 exf3 33. Qf4 Qxd5 34. Nc4 f2+ 0-1


[Site "https://www.chess.com"]

[Event "Titled Tuesday Blitz February 22 Early 2022"]
[White "Buscar, Michael"]
[Black "Martins, Bruno Andre Leite"]
[WhiteFideId "2603616"]
[BlackFideId "1942255"]
[WhiteElo "2010"]
[BlackElo "2137"]
[Result "0-1"]
[Round "10"]
[TimeControl "180+1"]
[Date "2022.02.22"]
[WhiteClock "0:00:03"]
[BlackClock "0:00:17"]

1. c4 Nf6 2. g3 g6 3. Bg2 Bg7 4. e3 O-O 5. Ne2 d5 6. cxd5 Nxd5 7. Nbc3 Nxc3 8. bxc3 c5 9. d4 Nc6 10. O-O Bg4 11. Qc2 Rc8 12. h3 Bf5 13. e4 Bd7 14. d5 Na5 15. Rb1 b5 16. f4 e6 17. Rd1 exd5 18. Rxd5 Qe7 19. Be3 Nc4 20. Bf2 Be6 21. Rbd1 Bxd5 22. Rxd5 Rfd8 23. Qd1 Nb6 24. Rxd8+ Rxd8 25. Qc1 Nc4 26. e5 Rd2 27. Bf3 g5 28. Qb1 a6 29. Qf5 gxf4 30. gxf4 Qe6 31. Qxe6 fxe6 32. Bxc5 Rxa2 33. Nd4 Bf8 34. Bxf8 Kxf8 35. Nxe6+ Ke7 36. Nc5 a5 37. f5 Nxe5 38. Bd5 Ra1+ 39. Kf2 a4 40. Ne4 Nd7 41. Ke3 a3 42. Bc6 a2 43. Bxb5 Re1+ 44. Kd2 a1=Q 45. Bd3 Qc1# 0-1


[Site "https://www.chess.com"]

[Event "Titled Tuesday Blitz February 22 Early 2022"]
[White "Carlsson, Ludvig"]
[Black "Kozak, Adam"]
[WhiteFideId "1727010"]
[BlackFideId "753246"]
[WhiteElo "2178"]
[BlackElo "2459"]
[Result "1-0"]
[Round "10"]
[TimeControl "180+1"]
[Date "2022.02.22"]
[WhiteClock "0:01:25"]
[BlackClock "0:00:08"]

1. d4 Nf6 2. c4 e6 3. Nc3 d5 4. Bg5 dxc4 5. e3 h6 6. Bh4 Nc6 7. Bxc4 Bb4 8. Ne2 g5 9. Bg3 Ne4 10. O-O Nxg3 11. Nxg3 Bd6 12. Qh5 Qe7 13. d5 Ne5 14. Bb5+ Bd7 15. dxe6 Qxe6 16. Bxd7+ Qxd7 17. f4 Ng6 18. fxg5 O-O-O 19. gxh6 Kb8 20. Rad1 Qe6 21. Nge4 Rdg8 22. Qd5 Bxh2+ 23. Kxh2 Rxh6+ 24. Kg1 Qb6 25. Qd8+ Rxd8 26. Rxd8# 1-0


[Site "https://www.chess.com"]

[Event "Titled Tuesday Blitz February 22 Early 2022"]
[White "Chigaev, Maksim"]
[Black "Samunenkov, Ihor"]
[WhiteFideId "4108116"]
[BlackFideId "14187086"]
[WhiteElo "2502"]
[BlackElo "2406"]
[Result "1-0"]
[Round "10"]
[TimeControl "180+1"]
[Date "2022.02.22"]
[WhiteClock "0:00:06"]
[BlackClock "0:00:02"]

1. c4 c5 2. Nf3 Nc6 3. Nc3 Nf6 4. e3 e5 5. d4 e4 6. Ne5 h5 7. f4 cxd4 8. exd4 Ne7 9. c5 Nf5 10. Qb3 d5 11. cxd6 Nxd6 12. Bb5+ Ke7 13. f5 Bxf5 14. Bg5 Be6 15. d5 Bc8 16. Rf1 a6 17. Be2 Ke8 18. O-O-O Be7 19. Kb1 Bf5 20. Ka1 Bg6 21. Na4 Rc8 22. Nb6 Rc7 23. Bf4 Kf8 24. Nxg6+ fxg6 25. Nc4 Kg8 26. Ne5 Kh7 27. g4 hxg4 28. h3 Qc8 29. hxg4 g5 30. Bxg5 Kg8 31. Bf4 Qe8 32. g5 Nd7 33. Bg4 Nxe5 34. Bxe5 Nf7 35. Be6 Bd6 36. Bxd6 1-0


[Site "https://www.chess.com"]

[Event "Titled Tuesday Blitz February 22 Early 2022"]
[White "Chincholimath, Halsagar"]
[Black "Araujo Filho, Luiz Antonio Coel"]
[WhiteFideId "5022487"]
[BlackFideId "2130661"]
[WhiteElo "1737"]
[BlackElo "2200"]
[Result "0-1"]
[Round "10"]
[TimeControl "180+1"]
[Date "2022.02.22"]
[WhiteClock "0:00:05"]
[BlackClock "0:00:03"]

1. e4 c6 2. Bc4 d5 3. Bb3 dxe4 4. Qh5 e6 5. Nc3 Nf6 6. Qh4 Qd4 7. Nge2 Qe5 8. O-O Be7 9. d4 exd3 10. cxd3 O-O 11. d4 Qh5 12. Qg3 Nbd7 13. h3 Nd5 14. Ne4 Qxe2 15. Bh6 g6 16. Bxf8 Nxf8 17. Rfe1 Qxb2 18. Qe5 a5 19. Rad1 a4 20. Bxd5 cxd5 21. Nf6+ Bxf6 22. Qxf6 Bd7 23. Rd3 Qxa2 24. Rf3 Be8 25. h4 Qc4 26. h5 gxh5 27. Re5 Qc1+ 28. Kh2 a3 29. Rxh5 Ng6 30. Rxh7 Kxh7 31. Rh3+ Kg8 32. Qg5 Qxg5 33. Rg3 Qf4 34. f3 a2 35. Kh1 a1=Q+ 36. Kh2 Qe1 37. Kh3 Qexg3# 0-1


[Site "https://www.chess.com"]

[Event "Titled Tuesday Blitz February 22 Early 2022"]
[White "Chojnacki, Slawomir"]
[Black "Sargsyan, Anna M."]
[WhiteFideId "1117076"]
[BlackFideId "13308130"]
[WhiteElo "2084"]
[BlackElo "2271"]
[Result "0-1"]
[Round "10"]
[TimeControl "180+1"]
[Date "2022.02.22"]
[WhiteClock "0:00:22"]
[BlackClock "0:00:53"]

1. d4 d5 2. Nf3 Nf6 3. Bg5 Ne4 4. Bh4 f6 5. Nbd2 g5 6. Bg3 h5 7. h4 Nxg3 8. fxg3 g4 9. Ng1 e5 10. dxe5 fxe5 11. e4 Bc5 12. Nb3 Bb6 13. Qxd5 Qxd5 14. exd5 O-O 15. O-O-O a5 16. a4 Na6 17. Bxa6 Rxa6 18. Ne2 Bf5 19. Nc3 Bf2 20. Rhf1 Bxg3 21. Nc5 Rb6 22. N3e4 Bxh4 23. Rxf5 Rxf5 24. c4 Bf2 25. Nd3 Bd4 26. Kc2 h4 27. Rh1 Rh6 28. c5 h3 29. g3 h2 30. d6 cxd6 31. cxd6 Kf7 32. b4 axb4 33. Nxb4 Ke6 34. Kd3 Rf3+ 35. Kc4 Re3 36. Ng5+ Kd7 37. Nd5 Rxg3 38. Ne4 Rg1 39. Ndf6+ Kd8 40. Rxh2 Rxh2 41. Ng5 Rc1+ 42. Kd5 Rc5+ 43. Ke4 Re2+ 44. Kd3 e4+ 45. Ngxe4 Bxf6 46. Kxe2 Re5 0-1


[Site "https://www.chess.com"]

[Event "Titled Tuesday Blitz February 22 Early 2022"]
[White "De Verdier, Michael"]
[Black "Qashashvili, Alexandre"]
[WhiteFideId "1710516"]
[BlackFideId "13600842"]
[WhiteElo "2301"]
[BlackElo "2316"]
[Result "1-0"]
[Round "10"]
[TimeControl "180+1"]
[Date "2022.02.22"]
[WhiteClock "0:00:45"]
[BlackClock "0:00:21"]

1. Nf3 c6 2. c4 d5 3. e3 Nf6 4. Nc3 Bf5 5. cxd5 Nxd5 6. d4 e6 7. Bd3 Bxd3 8. Qxd3 Be7 9. O-O O-O 10. e4 Nxc3 11. bxc3 Nd7 12. Rb1 b5 13. Rd1 a6 14. Bf4 Nf6 15. Ne5 Rc8 16. a4 Nd7 17. Nf3 Nf6 18. axb5 axb5 19. h3 h6 20. Ne5 Nd7 21. Qg3 Nxe5 22. dxe5 Qa5 23. Bxh6 g6 24. Bxf8 Bxf8 25. h4 Bg7 26. Rd7 Rd8 27. Rxd8+ Qxd8 28. h5 gxh5 29. Qf3 Bxe5 30. Qxh5 Bxc3 31. Rd1 Bd4 32. Kf1 c5 33. Rd3 Qa5 34. g3 Qd8 35. Qxc5 e5 36. Qxe5 Bxe5 37. Rxd8+ Kg7 38. Rd5 Bc3 39. Rxb5 Bd4 40. Rb3 Kf6 41. Ke2 Ke5 42. Kf3 f6 43. Rb5+ Ke6 44. Ke2 Ke7 45. f4 Ke6 46. Kf3 Ke7 47. g4 Ke6 48. g5 fxg5 49. Rxg5 Bf6 50. Rg6 Kf7 51. Rxf6+ Kxf6 52. Kg4 Kg6 53. f5+ Kf6 54. Kf4 Kf7 55. e5 Ke7 56. Ke4 Kf7 57. Kd5 Ke7 58. f6+ Kd7 59. e6+ Ke8 60. Ke5 Kf8 61. Kf5 Kg8 62. Kg6 Kf8 63. f7 Ke7 64. Kg7 Kxe6 65. f8=Q 1-0


[Site "https://www.chess.com"]